AoeStats
← TKBXPT2214

Nomad

505457038Analyzed
3v3 RM · 24d ago on Sep 9, 2026· 47m 10s· 6 players
Game mode
Random Map
Map size
210×210
Population
200
Speed
Normal
Resources
Standard
Victory
Conquest
Starting age
Dark Age
Ending age
Imperial Age
RankedLock teamsTeams togetherTeam positionsShared explorationLock speedFull tech treeHidden civsTurbo modeCheats
Victory
Defeat
1128
+14
🇧🇷 Magyars · Brazil
1119
+15
🇦🇷 Franks · Argentina
1071
+16
🇹🇼 Gurjaras · Taiwan
1133
-17
🇨🇳 Malay · China
1110
-16
🇹🇼 Vietnamese · Taiwan
1018
-12
MADdu
14:48 Feudal Age
18:22 Loom
22:07 Castle Age
27:04 Double-Bit Axe
27:03 Horse Collar
29:02 Fletching
33:30 Imperial Age
37:53 Pikeman
39:28 Scale Mail Armor
39:24 Arson
40:34 Bodkin Arrow
45:36 Gold Mining
46:43 Heavy Cavalry Archer
47:48 Parthian Tactics
TKBXPT2214
3:50 Loom
15:36 Feudal Age
17:13 Wheelbarrow
22:05 Castle Age
23:18 Hand Cart
23:58 Husbandry
24:09 Scale Barding Armor
24:15 Forging
44:39 Imperial Age
45:39 Chain Barding Armor
45:55 Iron Casting
46:58 Cavalier
INKAS | Spadasangrienta
14:31 Feudal Age
18:05 Castle Age
17:30 Padded Archer Armor
18:25 Loom
20:28 Fishing Lines
23:05 Town Watch
24:46 Wheelbarrow
24:50 Horse Collar
24:56 Double-Bit Axe
27:55 Gillnets
35:42 Imperial Age
34:44 Heavy Plow
34:36 Gold Mining
35:06 Bow Saw
34:49 Stone Mining
35:21 Ballistics
37:55 Hand Cart
40:50 Stone Shaft Mining
41:16 Two-Man Saw
41:03 Conscription
41:03 Town Patrol
42:30 Chemistry
41:26 Murder Holes
41:48 Leather Archer Armor
43:13 Ring Archer Armor
42:33 Fletching
42:56 Masonry
44:23 Bodkin Arrow
45:36 Elite Conquistador
45:49 Elite Conquistador
deankuo
5:08 Loom
16:37 Feudal Age
18:00 Double-Bit Axe
21:30 Fishing Lines
29:09 Castle Age
41:50 Gillnets
44:58 Bow Saw
46:51 Fletching
洗勒烤喔
3:48 Loom
12:45 Feudal Age
20:13 Castle Age
19:44 Bloodlines
22:44 Town Watch
23:49 Horse Collar
30:05 Wheelbarrow
32:25 Double-Bit Axe
33:51 Town Patrol
37:49 Imperial Age
35:38 Forging
35:40 Gold Mining
37:11 Gold Shaft Mining
37:33 Heavy Plow
38:02 Fletching
38:48 Iron Casting
38:18 Scale Barding Armor
39:35 Hand Cart
39:59 Conscription
41:22 Chemistry
41:34 Husbandry
40:55 Heavy Camel Rider
43:35 Iron Casting
43:27 Chain Barding Armor
47:18 Frontier Guards
K12580
10:44 Loom
15:22 Feudal Age
19:26 Castle Age
20:18 Double-Bit Axe
24:21 Forging
38:40 Ballistics
41:13 Imperial Age
41:38 Bow Saw
45:33 Pikeman
Connection lost

Rejoining the realm…

Still unreachable

The connection could not be restored.

Session expired

The server has moved on; the page needs a fresh start.